 Dungeon Crawl Stone Soup version v1.0-4-gf91daec (webtiles) character file.

77 Chic the Changer (level 4, -6/28 HPs)
             Began as a Sludge Elf Transmuter on Feb 14, 2018.
             Mangled by a gnoll
             ... wielding a +0 halberd
              (13 damage)
             ... on level 2 of the Dungeon.
             The game lasted 00:03:48 (2491 turns).

Chic the Changer (Sludge Elf Transmuter)            Turns: 2491, Time: 00:03:48

Health: -6/28      AC:  5    Str: 11    XL:     4   Next: 33%
Magic:  8/8        EV: 12    Int: 15    God:
Gold:   98         SH:  0    Dex: 14    Spells: 6/7 levels left

rFire    . . .     SeeInvis +     - Unarmed
rCold    . . .     Gourm    .   (no shield)
rNeg     + . .     Faith    .   g - +2 leather armour {MR+}
rPois    .         Spirit   .   (no helmet)
rElec    .         Reflect  .   (no cloak)
rCorr    .         Harm     .   (no gloves)
MR       +....                  (no boots)
Stlth    +.........             (no amulet)
HPRegen  0.09/turn              l - ring of positive energy
MPRegen  0.11/turn              n - ring of see invisible

@: no status effects
A: no striking features
a: no special abilities


You were on level 2 of the Dungeon.
You were not hungry.

You visited 1 branch of the dungeon, and saw 3 of its levels.

You collected 98 gold pieces.

Inventory:

Missiles
 a - 57 arrows
Armour
 b - a +0 robe
 g - a +2 leather armour of magic resistance (worn)
Jewellery
 l - a ring of positive energy (left hand)
 n - a ring of see invisible (right hand)
Wands
 s - a wand of flame (27)
Scrolls
 e - 2 scrolls of remove curse {unknown}
 f - 2 scrolls of identify {unknown}
 h - 2 scrolls of recharging {unknown}
 i - a scroll of blinking {unknown}
 m - a scroll of noise {unknown}
 r - a scroll of random uselessness {unknown}
Potions
 j - a potion of restore abilities
 k - a potion of lignification {unknown}
 o - a potion of magic {unknown}
 p - a potion of agility {unknown}
Books
 c - a book of Changes

   Spells                             Type                      Level
   a - Beastly Appendage              Transmutation                1
   b - Sticks to Snakes               Transmutation                2
   c - Spider Form                    Transmutation/Poison         3
   d - Ice Form                       Ice/Transmutation            4
   e - Blade Hands                    Transmutation                5
Comestibles
 d - 3 rations
 q - 2 chunks of flesh


   Skills:
 - Level 1.1 Fighting
 - Level 2.4 Dodging
 + Level 4.5 Unarmed Combat
 - Level 2.4 Spellcasting
 + Level 4.5 Transmutations


You had 6 spell levels left.
You knew the following spells:

 Your Spells              Type           Power        Failure   Level  Hunger
a - Beastly Appendage     Tmut           ###...       4%          1    #......


Dungeon Overview and Level Annotations

Branches:
Dungeon (3/15)

Altars:


Message History

You hit the doggy crab.
The doggy crab is lightly wounded.
The doggy crab barely misses you.
The doggy crab hits you with a fighting claw.
You hit the doggy crab but do no dacastercrab.
The doggy crab is lightly wounded.
The doggy crab misses you.
The doggy crab hits you with a fighting claw!
You closely miss the doggy crab.
The doggy crab is lightly wounded.
The doggy crab misses you.
The doggy crab hits you with a fighting claw.
You hit the doggy crab.
The doggy crab is moderately wounded.
You closely miss the doggy crab.
The doggy crab is moderately wounded.
The doggy crab hits you with a flail.
* * * CRAB GONE DIE * * *
The doggy crab hits you with a fighting claw!
Your journey is over little crab

#.##.###########.#######
#.##.#.................#
...#.#.#########.#####.#
##.#.#.#########.# #.#
.....#........<#.# #.#
##.#############.# #.#
##.........#####.#####.#
.)....####.....).g.....#
.).............g@#######
......###........#
##.#### #.######.#
....### #.# #.# ###...#
#.# #.# .##.#.###.# #.#
...†#...#.# #.#
..(##.#.#.######.#
..)##.#...#......#


You could see 2 gnolls.

Vanquished Creatures
  2 gnolls
  An ooze (D:1)
  4 dart slugs
  4 bats
  2 giant cockroaches (D:1)
  3 goblins
  8 hobgoblins
  2 jackals (D:1)
  8 kobolds
  A quokka (D:2)
  A ball python (D:1)
  3 frilled lizards (D:1)
  5 rats
44 creatures vanquished.

Notes
Turn   | Place    | Note
-------+----------+-------------------------------------------
     0 | D:1      | Chic the Sludge Elf Transmuter began the quest for the Orb.
     0 | D:1      | Reached XP level 1. HP: 13/13 MP: 4/4
   232 | D:1      | Reached XP level 2. HP: 14/18 MP: 6/6
   830 | D:1      | Reached XP level 3. HP: 23/23 MP: 7/7
  2040 | D:2      | Reached XP level 4. HP: 28/28 MP: 8/8
  2491 | D:2      | Mangled by a gnoll

Skill      XL: |  1  2  3 |
---------------+----------+-----
Transmutations | 3 4 |  4.5
Unarmed Combat | 4 |  4.5
Fighting       | |  1.1
Dodging        | |  2.4
Spellcasting   | |  2.4

Action                   |  1- 3 |  4- 6 || total
-------------------------+-------+-------++-------
Melee: Unarmed           |   151 |    14 ||   165
       Punch             |     2 |       ||     2
  Eat: Chunk             |     4 |     1 ||     5
Armor: Robe              |     8 |       ||     8
       Leather armour    |    28 |     1 ||    29
Dodge: Dodged            |    79 |    10 ||    89
